 Dungeon Crawl Stone Soup version 0.17-a0-1711-gc5340a3 (webtiles) character file.

151 urechis the Sneak (level 5, 0/24 HPs)
             Began as a Spriggan Enchanter on Aug 22, 2015.
             Killed from afar by an orc wizard (10 damage)
             ... with a puff of flame
             ... on level 3 of the Dungeon.
             The game lasted 00:06:19 (2872 turns).

urechis the Sneak (Spriggan Enchanter)              Turns: 2872, Time: 00:06:20

Health: 0/24       AC:  3    Str:  4    XL:     5   Next: 11%
Magic:  10/10      EV: 18    Int: 21    God:
Gold:   234        SH:  0    Dex: 16    Spells: 3 memorised, 3 levels left

rFire  . . .     SeeInvis +     n - +1 dagger (vamp)
rCold  . . .     Clarity  .     b - +1 robe
rNeg   . . .     SustAt   .     (shield restricted)
rPois  .         Gourm    .     (helmet restricted)
rElec  .         Spirit   .     (no cloak)
rCorr  .         Warding  .     (gloves unavailable)
rMut   .         Stasis   .     (boots unavailable)
MR     .....                    h - amulet of rage
Stlth  +++.......               (no ring)
                                r - +3 ring of intelligence

@: very quick, not resistant to hostile enchantments, fairly stealthy
A: unfitting armour, see invisible, herbivore 3, speed 3, slow metabolism 2
a: Evoke Berserk Rage


You were on level 3 of the Dungeon.
You were not hungry.

You visited 1 branch of the dungeon, and saw 3 of its levels.

You collected 234 gold pieces.

Inventory:

Hand weapons
 n - a +1 vampiric dagger (weapon)
Armour
 b - a +1 robe (worn)
 l - a +0 buckler
Jewellery
 h - an amulet of rage (around neck)
 r - a +3 ring of intelligence (left hand)
Magical devices
 p - a wand of digging (6)
Scrolls
 d - a scroll of enchant weapon {unknown}
 f - 2 scrolls of blinking {unknown}
 g - 2 scrolls of remove curse {unknown}
 j - a scroll of fear {unknown}
 k - a scroll of magic mapping {unknown}
 o - 2 scrolls of identify {unknown}
Potions
 a - a potion of haste {unknown}
 e - 2 potions of curing {unknown}
 i - 2 potions of lignification {unknown}
 q - a potion of heal wounds {unknown}
 s - a potion of degeneration {unknown}
 t - a potion of might {unknown}
Books
 c - a book of Maledictions

   Spells                             Type                      Level
   a - Corona                         Hexes                        1
   b - Ensorcelled Hibernation        Hexes/Ice                    2
   c - Confuse                        Hexes                        3
   d - Tukima's Dance                 Hexes                        3
   e - Dazzling Spray                 Conjuration/Hexes            3
 m - a book of Death

   Spells                             Type                      Level
   a - Corpse Rot                     Necromancy                   2
   b - Sublimation of Blood           Necromancy                   2
   c - Agony                          Necromancy                   5
   d - Dispel Undead                  Necromancy                   5
   e - Excruciating Wounds            Charms/Necromancy            5
   f - Bolt of Draining               Conjuration/Necromancy       5


   Skills:
 - Level 5.0 Short Blades
 - Level 3.0 Dodging
 + Level 5.5 Stealth
 - Level 2.6 Spellcasting
 - Level 3.6 Hexes


You had 3 spell levels left.
You knew the following spells:

 Your Spells              Type           Power        Failure   Level  Hunger
a - Corona                Hex            ###....      3%          1    None
b - Confuse               Hex            ###.....     12%         3    ###....
c - Ensorcelled Hibernat  Hex/Ice        ##....       12%         2    ##.....


Dungeon Overview and Level Annotations

Branches:
Dungeon (3/15)

Altars:


Innate Abilities, Weirdness & Mutations

You are tiny and cannot use many weapons and most armour.
You have supernaturally acute eyesight.
You are a herbivore.
You cover ground extremely quickly.
You need consume almost no food.


Message History

The orc wizard barely misses you.
You hit the orc wizard but do no damage.
The orc wizard is moderately wounded.
The orc wizard points at you and mumbles some strange words.
The puff of flame misses you.
You hit the orc wizard but do no damage.
The orc wizard is moderately wounded.
The orc wizard hits you with a dagger.
* * * LOW HITPOINT WARNING * * *
You barely miss the orc wizard.
The orc wizard is lightly wounded.
The orc wizard hits you but does no damage.
You miss the orc wizard.
The orc wizard is lightly wounded.
The orc wizard hits you but does no damage.
You closely miss the orc wizard.
The orc wizard is lightly wounded.
The orc wizard gestures at you while chanting.
The puff of flame hits you!
You die...

###..##### #.
..........# .
##)..####.#
##.## #...#
##...# #...#
#..#.. #...#
..((# ##...#
#oo# .....# #o#
##.#.# #@#
#....# #.#
..#..# #.# .#
#...### #.# #.#
##....# #.#
#.#.# ####<# #.#
#.#.# #.# #.#
#.#.# #.# #.#
#.#^# #.#
##.#########.#.#


You could see 2 orc wizards and an orc.

Vanquished Creatures
  An orc wizard (D:3)
  5 adders
  3 oozes
  2 worms
  2 giant geckos (D:1)
  An orc (D:3)
  A ball python (D:2)
  11 bats
  6 goblins
  8 hobgoblins
  5 jackals
  3 giant cockroaches
  A giant newt (D:1)
  3 kobolds (D:1)
  A quokka (D:3)
  11 rats
64 creatures vanquished.

Notes
Turn   | Place    | Note
--------------------------------------------------------------
     0 | D:1      | urechis the Spriggan Enchanter began the quest for the Orb.
     0 | D:1      | Reached XP level 1. HP: 9/9 MP: 5/5
   497 | D:1      | Reached XP level 2. HP: 13/13 MP: 6/6
  1465 | D:1      | Reached XP level 3. HP: 16/16 MP: 8/8
  2009 | D:2      | Learned a level 3 spell: Confuse
  2012 | D:2      | Learned a level 2 spell: Ensorcelled Hibernation
  2239 | D:2      | Reached XP level 4. HP: 21/21 MP: 9/9
  2653 | D:3      | Reached skill level 5 in Short Blades
  2862 | D:3      | Reached skill level 5 in Stealth
  2862 | D:3      | Reached XP level 5. HP: 13/24 MP: 10/10
  2872 | D:3      | Killed from afar by an orc wizard

Vault maps used:
D:1:      scummos_arrival_hexagon, serial_bayou_pond_e,
          minmay_misc_feat_diagonals, hangedman_abyss_or_decor_stabs,
          minmay_vboxes
D:2:      minmay_distorted

Action                   |  1- 3 |  4- 6 || total
-------------------------+-------+-------++-------
Melee: Dagger            |   154 |   114 ||   268
 Cast: Corona            |     6 |     3 ||     9
 Stab: Sleeping          |    11 |     7 ||    18
       Distracted        |     1 |       ||     1
  Eat: Bread ration      |     1 |       ||     1
